 Dungeon Crawl Stone Soup version 0.27.0-1-g7a089689b8 (webtiles) character file.

Game seed: 15490045968001226469

412 gimp the Ducker (level 6, -4/37 HPs)
             Began as a Tengu Warper on Aug 11, 2021.
             Shot with an arrow by a centaur (15 damage)
             ... on level 5 of the Dungeon.
             The game lasted 00:06:52 (4639 turns).

gimp the Ducker (Tengu Warper)                      Turns: 4639, Time: 00:06:53

Health: -4/37      AC:  3    Str: 12    XL:     6   Next: 90%
Magic:  10/10      EV: 16    Int: 15    God:
Gold:   151        SH:  0    Dex: 13    Spells: 9/9 levels left

rFire    . . .     SeeInvis .   a - +0 short sword
rCold    . . .     Faith    .   (no shield)
rNeg     . . .     Spirit   .   b - +0 leather armour
rPois    .         Reflect  .   (helmet restricted)
rElec    .         Harm     .   (no cloak)
rCorr    .         Rampage  .   (no gloves)
Will     .....                  (boots unavailable)
Stlth    +.........             (no amulet)
HPRegen  0.12/turn              (no ring)
MPRegen  0.12/turn              (no ring)

@: marked, flying quickly and evasively, quick
A: beak, talons 3, nimble flight
a: no special abilities


You were on level 5 of the Dungeon.
You visited 1 branch of the dungeon, and saw 6 of its levels.

You collected 151 gold pieces.

Inventory:

Hand Weapons
 a - a +0 short sword (weapon)
Missiles
 d - 5 boomerangs of dispersal
 g - 14 poisoned darts (quivered)
Armour
 b - a +0 leather armour (worn)
Magical Staves
 r - a staff of cold
Wands
 j - a wand of acid (7)
 t - a wand of flame (27)
Scrolls
 c - a scroll of blinking
 e - a scroll of fear {unknown}
 f - 2 scrolls of teleportation {unknown}
 h - a scroll of immolation {unknown}
 k - 2 scrolls of magic mapping {unknown}
 m - 2 scrolls of summoning {unknown}
 o - 5 scrolls of identify {unknown}
Potions
 i - a potion of berserk rage {unknown}
 l - a potion of curing {unknown}
 n - 2 potions of flight {unknown}
 p - a potion of mutation {unknown}
 q - a potion of haste
 s - a potion of heal wounds


   Skills:
 + Level 3.6 Fighting
 * Level 5.1 Short Blades
 - Level 1.0 Throwing
 - Level 1.1 Armour
 * Level 5.2 Dodging
 - Level 2.0 Spellcasting
 - Level 2.4 Translocations


You had 9 spell levels left.
You didn't know any spells.
Your spell library contained the following spells:

 Spells                   Type           Power      Damage    Failure   Level
 Blink                    Tloc           N/A        N/A       16%         2
 Beastly Appendage        Tmut           2%         N/A       28%         1
 Sting                    Tmut/Pois      4%         1d3       28%         1
 Gell's Gravitas          Tloc           4%         N/A       32%         3
 Lesser Beckoning         Tloc           4%         N/A       32%         3
 Teleport Other           Tloc           8%         N/A       32%         3
 Poisonous Vapours        Pois/Air       2%         N/A       38%         2
 Wereblood                Tmut           1%         N/A       38%         2
 Spider Form              Tmut/Pois      0%         N/A       63%         3
 Tukima's Dance           Hex            1%         N/A       63%         3
 Passage of Golubria      Tloc           N/A        N/A       71%         4
 Olgreb's Toxic Radiance  Pois           1%         N/A       95%         4
 Manifold Assault         Tloc           8%         N/A       96%         5
 Yara's Violent Unravell  Hex/Tmut       0%         3d3       100%        5


Dungeon Overview and Level Annotations

Branches:
Dungeon (6/15)
 Temple: D:4-7

Altars:
Ru

Annotations:
D:2 Sigmund


Innate Abilities, Weirdness & Mutations

You have a beak for a mouth.
You have claws for feet.
Your magical nature lets you fly swiftly and evasively.


Message History

A centaur is nearby!
The centaur wields a +0 shortbow.
The centaur shoots an arrow.
The arrow completely misses you.
Found a robe.
You set off the alarm!
A sentinel's mark forms upon you.
You hear an angry hiss. x2; You hear a shout!
You hear an angry hiss.
You hear a shout!
The centaur shoots an arrow.
The arrow barely misses you.
An iguana comes into view.
The centaur unwields a +0 shortbow.
The centaur closely misses you.
The centaur kicks you but does no damage.
A water moccasin comes into view.
The centaur hits you.
The centaur kicks you but does no damage.
You take 2 damage, and have 35/37 hp.
Okay, then.
Okay, then.
You hit the centaur but do no damage. You peck the centaur, but do no damage.
The centaur hits you but does no damage.
The centaur closely misses you.
You barely miss the centaur. You claw the centaur.
The centaur is moderately wounded.
The centaur closely misses you. The centaur misses you.
You hit the centaur. You peck the centaur.
The centaur is moderately wounded.
The centaur hits you. The centaur barely misses you.
You take 2 damage, and have 33/37 hp.
The centaur wields a +0 shortbow.
The centaur shoots an arrow.
The arrow closely misses you.
The centaur shoots an arrow.
The arrow hits you!
The centaur shoots an arrow.
The arrow closely misses you.
You take 10 damage, and have 23/37 hp.
MASSIVE DAMAGE!!
The centaur shoots an arrow.
The arrow hits you!
* * * LOW HITPOINT WARNING * * *
You see here 15 gold pieces.
You take 13 damage, and have 10/37 hp.
MASSIVE DAMAGE!!
You see here a +0 leather armour.
The centaur shoots an arrow.
The arrow hits you!
You die...

...#.# #..#.# #..#.#
#..#.# ###..#.######
#<..........#
#.##.#..###.#
#.##.#..# #.#
..##@#..###.#####..
##.##..S.........[..
##....[.###.#####.
#.###...c...l......
#........###.######.
####.### #.# #.# #.#
..# #.# #### #.#


You could see a water moccasin and a centaur.

Vanquished Creatures
  A black bear (D:5)
  A scorpion (D:5)
  An orc priest (D:4)
  A hound (D:4)
  A jelly (D:4)
  2 iguanas (D:4)
  5 adders
  An adder skeleton (D:4)
  6 dart slugs
  3 orcs
  13 endoplasms
  A giant cockroach (D:3)
  2 goblins
  4 hobgoblins
  2 quokkas
  6 ball pythons
  2 bats
  5 frilled lizards
  7 kobolds
  5 rats
69 creatures vanquished.

Notes
Turn   | Place    | Note
-------+----------+-------------------------------------------
     0 | D:1      | gimp the Tengu Warper began the quest for the Orb.
     0 | D:1      | Reached XP level 1. HP: 12/12 MP: 4/4
   195 | D:1      | Reached XP level 2. HP: 13/17 MP: 6/6
   701 | D:1      | Reached XP level 3. HP: 21/21 MP: 7/7
   966 | D:2      | Found a faded altar of an unknown god.
  1735 | D:2      | Reached XP level 4. HP: 23/27 MP: 8/8
  2045 | D:2      | Noticed Sigmund
  2219 | D:3      | You fall into a shaft and drop 3 floors!
  2220 | D:6      | Noticed a phantom
  2234 | D:5      | Entered Level 5 of the Dungeon
  2235 | D:5      | Noticed a black bear
  2292 | D:5      | Noticed a scorpion
  2301 | D:5      | Killed a scorpion
  2302 | D:5      | Gained mutation: Your magical nature lets you fly swiftly
                  | and evasively. [Tengu growth]
  2302 | D:5      | Reached XP level 5. HP: 9/32 MP: 9/9
  2311 | D:5      | Noticed a phantom
  2317 | D:5      | Killed a black bear
  2322 | D:5      | Noticed a necrophage
  2661 | D:4      | Reached XP level 6. HP: 37/37 MP: 10/10
  3082 | D:3      | Found a sacrificial altar of Ru.
  4036 | D:4      | Reached skill level 5 in Dodging
  4112 | D:4      | Reached skill level 5 in Short Blades
  4629 | D:5      | Noticed a water moccasin
  4639 | D:5      | Shot with an arrow by a centaur

Illustrated notes

Levels and vault maps discovered:
D:1:      minmay_arrival_four_houses, layout_loops_corners
D:2:      layout_basic, basic_ecumenical_altar, kennysheep_another_room,
          uniq_sigmund
D:3:      layout_rooms, nicolae_ru_sacrificial_ziggurat, hex_intersection,
          eino_tiny_chamber
D:4:      layout_basic
D:5:      layout_loops_ring, fedhas_altar_2, mainiacjoe_overflow_boulevard,
          ebering_dispersal_statue_hall
D:6:      layout_rooms, nicolae_wu_jian_immortal_techniques,
          minmay_a_box_with_orc_wizards_in_it

Skill      XL: |  1  2  3  4  5  6 |
---------------+-------------------+-----
Dodging        | 3 4 5 |  5.2
Short Blades   | 3 4 5 |  5.1
Fighting       | 3 |  3.6
Throwing       | |  1.0
Armour         | |  1.1
Spellcasting   | |  2.0
Translocations | |  2.4

Action                   |  1- 3 |  4- 6 || total
-------------------------+-------+-------++-------
Melee: Short sword       |    87 |   107 ||   194
       Peck              |     9 |    22 ||    31
       Kick              |    24 |    19 ||    43
Throw: Dart              |       |    23 ||    23
Evoke: Wand              |       |     1 ||     1
  Use: Potion            |     2 |     1 ||     3
 Stab: Sleeping          |     1 |     2 ||     3
Armor: Leather armour    |    18 |    22 ||    40
Dodge: Dodged            |    43 |    88 ||   131
